 Dungeon Crawl Stone Soup version 0.22.1-2-g9c5b331 (webtiles) character file.

208 shadizar the Covered (level 5, -12/33 HPs)
             Began as a Gargoyle Fighter on Nov 24, 2018.
             Killed by divine providence
             ... invoked by an orc priest
              (13 damage)
             ... on level 3 of the Dungeon.
             The game lasted 00:03:20 (1948 turns).

shadizar the Covered (Gargoyle Fighter)             Turns: 1948, Time: 00:03:20

Health: -12/33     AC: 11    Str: 21    XL:     5   Next: 86%
Magic:  5/5        EV:  8    Int:  8    God:
Gold:   93         SH:  9    Dex:  9    Spells: 4/4 levels left

rFire    . . .     SeeInvis .   a - +0 flail
rCold    . . .     Gourm    .   c - +0 shield
rNeg     + . .     Faith    .   b - +0 scale mail
rPois    ∞         Spirit   .   (no helmet)
rElec    +         Reflect  .   (no cloak)
rCorr    .         Harm     .   (no gloves)
MR       .....                  (no boots)
Stlth    ..........             (no amulet)
HPRegen  0.11/turn              (no ring)
MPRegen  0.09/turn              (no ring)

@: no status effects
A: negative energy resistance 1, electricity resistance, unbreathing,
petrification resistance, rot immunity, AC +4
a: no special abilities


You were on level 3 of the Dungeon.
You were not hungry.

You visited 1 branch of the dungeon, and saw 3 of its levels.

You collected 93 gold pieces.

Inventory:

Hand Weapons
 a - a +0 flail (weapon)
 r - a +0 war axe
Armour
 b - a +0 scale mail (worn)
 c - a +0 shield (worn)
 i - a +0 large shield
Jewellery
 n - an uncursed ring of protection from cold {unknown}
Scrolls
 e - 4 scrolls of identify {unknown}
 h - 2 scrolls of remove curse {unknown}
 k - a scroll of immolation {unknown}
 l - a scroll of enchant armour {unknown}
Potions
 g - a potion of berserk rage {unknown}
 j - a potion of brilliance {unknown}
 m - a potion of cancellation
 o - a potion of magic {unknown}
 p - a potion of heal wounds {unknown}
 s - a potion of flight {unknown}
Comestibles
 f - 5 rations


   Skills:
 + Level 4.2 Fighting
 + Level 3.1 Maces & Flails
 + Level 4.2 Armour
 + Level 1.8 Dodging
 + Level 4.2 Shields


You had 4 spell levels left.
You didn't know any spells.
Your spell library was empty.

Dungeon Overview and Level Annotations

Branches:
Dungeon (3/15)

Altars:


Innate Abilities, Weirdness & Mutations

You are resistant to torment.
Your stone body is resilient. (AC +4)
You are immune to poison.
You resist negative energy. (rN+)
You are resistant to electric shocks. (rElec)
You can survive without breathing.
You are immune to petrification.
You are immune to rotting.


Message History

You are too injured to fight recklessly!
You feel very mighty all of a sudden. The orc completely misses you.
You hit the orc but do no damage.
The orc is almost dead.
You block the orc's attack.
You sock the orc!
You kill the orc!
The orc priest mumbles some strange prayers to Beogh against you.
Beogh smites you!
* * * LOW HITPOINT WARNING * * *
It was a potion of cancellation.
Your magical effects are unravelling.
You feel magically purged.
You feel a little less mighty now. The orc hits you but does no damage.
You closely miss the orc.
The orc priest invokes the aid of Beogh against you.
Beogh smites you!
You die...

###########..##<#
#...............#
#.#########..##.#.
#.# #.....#. #.#
#.###.#. #.#
#.###.#. #.#
#.#...#. #.#
#.#.#.#. #@#
#.#...#. #o#
##.#.#.#. #o#
#......... #o#
#.#.#..... #.#
#.#.#.#. #.# #
#.#.#. #.. #.#.#.
#.. # #.#. #.#)


You could see 2 orc priests and an orc.

Vanquished Creatures
  2 orc wizards (D:1)
  Jessica (D:2)
  3 adders (D:2)
  4 gnolls
  A worm (D:1)
  A dart slug (D:1)
  2 leopard geckos
  2 orcs
  9 bats
  3 giant cockroaches (D:1)
  4 goblins (D:1)
  3 hobgoblins
  2 jackals (D:1)
  7 kobolds
  A quokka (D:1)
  A frilled lizard (D:1)
  8 rats
54 creatures vanquished.

Notes
Turn   | Place    | Note
-------+----------+-------------------------------------------
     0 | D:1      | shadizar the Gargoyle Fighter began the quest for the Orb.
     0 | D:1      | Reached XP level 1. HP: 14/14 MP: 1/1
   141 | D:1      | Reached XP level 2. HP: 16/19 MP: 2/2
   430 | D:1      | Reached XP level 3. HP: 21/23 MP: 3/3
   862 | D:1      | Reached skill level 1 in Dodging
   874 | D:1      | Reached XP level 4. HP: 5/29 MP: 4/4
   880 | D:1      | HP: 1/29 [gnoll/spear (2)]
  1285 | D:2      | Noticed Jessica
  1302 | D:1      | Reached XP level 5. HP: 13/33 MP: 5/5
  1624 | D:2      | Killed Jessica
  1946 | D:3      | HP: 1/33 [orc priest/divine providence (15)]
  1948 | D:3      | Killed from afar by an orc priest

Skill      XL: |  1  2  3  4  5 |
---------------+----------------+-----
Dodging        | 1 |  1.8
Fighting       | 4 |  4.2
Armour         | 4 |  4.2
Shields        | 4 |  4.2
Maces & Flails | 3 |  3.1

Action                   |  1- 3 |  4- 6 || total
-------------------------+-------+-------++-------
Melee: Flail             |   110 |   102 ||   212
  Use: Potion            |       |     2 ||     2
  Eat: Chunk             |       |     4 ||     4
Armor: Scale mail        |    83 |    59 ||   142
Dodge: Dodged            |    60 |    48 ||   108
Block: Shield            |    86 |    68 ||   154
